[Event "Titled Tuesday Blitz April 11 Late 2023"]
[White "Sargsyan, Shant"]
[Black "Remizov, Yaroslav"]
[WhiteFideId "13306766"]
[BlackFideId "34134015"]
[WhiteElo "2628"]
[BlackElo "2412"]
[Result "1-0"]
[Round "11"]
[TimeControl "180+2"]
[Date "2023.04.11"]
[WhiteClock "0:00:30"]
[BlackClock "0:00:01"]

1. g3 d5 2. Nf3 Nf6 3. Bg2 Bg4 4. c4 e6 5. Qb3 Nc6 6. cxd5 Qxd5 7. Qa4 O-O-O 8. Nc3 Qa5 9. Qxa5 Nxa5 10. Ne5 Bh5 11. Rb1 Bd6 12. b4 Bxe5 13. bxa5 Nd5 14. Bb2 Bg6 15. Rc1 Nxc3 16. Bxc3 Bxc3 17. Rxc3 Rd6 18. d3 Ra6 19. Rc5 b6 20. axb6 axb6 21. Rc2 Rd8 22. h4 f6 23. h5 Bf7 24. Rh4 e5 25. Bc6 Bxa2 26. Rg4 Bb3 27. Rc3 Bd5 28. Rxg7 Bxc6 29. Rxc6 Ra7 30. Rxh7 e4 31. Kd2 exd3 32. exd3 Kb8 33. Rxf6 Ra2+ 34. Ke3 Ra3 35. Kf3 Raxd3+ 36. Kg2 b5 37. h6 b4 38. Rhf7 b3 39. Rf8 b2 40. h7 b1=Q 41. h8=Q Qd1 42. Rf3 1-0


[Site "https://www.chess.com"]

[Event "Titled Tuesday Blitz April 11 Late 2023"]
[White "Melkumyan, Hrant"]
[Black "Ibarra Jerez, Jose Carlos"]
[WhiteFideId "13302485"]
[BlackFideId "2226332"]
[WhiteElo "2604"]
[BlackElo "2638"]
[Result "1/2-1/2"]
[Round "11"]
[TimeControl "180+2"]
[Date "2023.04.11"]
[WhiteClock "0:00:05"]
[BlackClock "0:00:04"]

1. d4 Nf6 2. c4 d6 3. Nc3 e5 4. Nf3 e4 5. Ng5 Qe7 6. h4 h6 7. Nh3 c6 8. Nf4 g6 9. e3 h5 10. b4 Bh6 11. d5 O-O 12. Bb2 Bg4 13. Qd2 Nbd7 14. Be2 Ne5 15. dxc6 bxc6 16. O-O-O Bxe2 17. Qxe2 Rab8 18. b5 Rfc8 19. Kb1 cxb5 20. cxb5 Bxf4 21. exf4 Nc4 22. Rd4 Qe6 23. Rhd1 Nxb2 24. Kxb2 d5 25. a4 Rc5 26. Qd2 Rbc8 27. Nxd5 Nxd5 28. Rxd5 Qf6+ 29. Qd4 Rc2+ 30. Kb3 R8c3+ 31. Kb4 Rc4+ 32. Qxc4 Rxc4+ 33. Kxc4 Qxf4 34. R1d2 e3+ 35. R2d4 Qxf2 36. Re4 Qc2+ 37. Kd4 Qd2+ 38. Kc4 Qa2+ 39. Kd4 e2 40. Rde5 Qxa4+ 41. Kc5 Qa3+ 42. Kc6 Qc3+ 43. Kb7 Qa5 44. Rxe2 Qb6+ 45. Kc8 a6 46. bxa6 Qxa6+ 47. Kd7 Qd3+ 48. Ke8 Qc4 49. R5e4 Qc8+ 50. Ke7 Qf8+ 51. Kd7 Qc5 52. g3 Qd5+ 53. Ke8 Qc6+ 54. Kd8 Qd6+ 55. Ke8 Qc6+ 56. Ke7 Qc7+ 57. Ke8 Qxg3 58. R2e3 Qb8+ 59. Kd7 Qb7+ 60. Kd8 Kg7 61. Re2 Kh6 62. R2e3 f5 63. Re8 f4 64. R3e7 Qd5+ 65. Kc8 Qc6+ 66. Kd8 Qd6+ 67. Kc8 Qc6+ 68. Kd8 Qf6 69. Kd7 Qxh4 70. Re5 Qg4+ 71. Kd6 Qd1+ 72. Ke6 Qb3+ 73. Kf6 Qb6+ 74. R5e6 Qd4+ 75. Re5 Qd6+ 76. R5e6 Qd4+ 77. Re5 Qb6+ 78. R5e6 Qb2+ 79. Re5 Qb6+ 1/2-1/2


[Site "https://www.chess.com"]

[Event "Titled Tuesday Blitz April 11 Late 2023"]
[White "Nakamura, Hikaru"]
[Black "Mekhitarian, Krikor Sevag"]
[WhiteFideId "2016192"]
[BlackFideId "2107660"]
[WhiteElo "2885"]
[BlackElo "2604"]
[Result "1-0"]
[Round "11"]
[TimeControl "180+2"]
[Date "2023.04.11"]
[WhiteClock "0:02:08"]
[BlackClock "0:00:08"]

1. e4 c5 2. c3 Nf6 3. e5 Nd5 4. d4 cxd4 5. Qxd4 e6 6. Nf3 Nc6 7. Qe4 Nde7 8. Na3 Ng6 9. Nc4 d5 10. exd6 Bxd6 11. Bg5 Qc7 12. Rd1 Be7 13. Bxe7 Kxe7 14. Ne3 Kf8 15. h4 Qf4 16. Qxf4 Nxf4 17. h5 Ke7 18. Bc4 e5 19. g3 Ne6 20. Nd5+ Kf8 21. h6 f6 22. Nh4 Na5 23. Be2 Kf7 24. Nf5 b6 25. hxg7 Nxg7 26. Nd6+ Ke6 27. Nc7+ Ke7 28. Nxa8 1-0


[Site "https://www.chess.com"]

[Event "Titled Tuesday Blitz April 11 Late 2023"]
[White "Riehle, Marco"]
[Black "Sarana, Alexey"]
[WhiteFideId "12904392"]
[BlackFideId "24133795"]
[WhiteElo "2462"]
[BlackElo "2714"]
[Result "1-0"]
[Round "11"]
[TimeControl "180+2"]
[Date "2023.04.11"]
[WhiteClock "0:00:34"]
[BlackClock "0:00:04"]

1. e4 c5 2. a3 Nf6 3. e5 Nd5 4. c4 Nc7 5. b4 d6 6. exd6 exd6 7. Bb2 Nc6 8. Nf3 Bg4 9. Be2 Be7 10. Bxg7 Rg8 11. Bc3 Ne6 12. g3 Bf6 13. h3 Bf5 14. b5 Ncd4 15. Bxd4 Bxd4 16. Nc3 Qf6 17. Qb3 O-O-O 18. Nd5 Qh8 19. O-O-O Rge8 20. Bd3 Bxd3 21. Qxd3 Bxf2 22. Kb1 Bxg3 23. Rhf1 Kb8 24. b6 axb6 25. Qb3 Rc8 26. Nxb6 Rc6 27. Nd5 f5 28. Ka2 Qg7 29. Rb1 Nd8 30. Rg1 Re2 31. Qd3 Rf2 32. Qxf5 Ra6 33. Rb3 h5 34. h4 Ra4 35. Rxg3 Qxg3 36. Qd7 Ra6 37. Qxd8+ Ka7 38. Qc7 1-0


[Site "https://www.chess.com"]

[Event "Titled Tuesday Blitz April 11 Late 2023"]
[White "Howell, David W L"]
[Black "Kushko, Dmitriy"]
[WhiteFideId "410608"]
[BlackFideId "14162261"]
[WhiteElo "2567"]
[BlackElo "2230"]
[Result "0-1"]
[Round "11"]
[TimeControl "180+2"]
[Date "2023.04.11"]
[WhiteClock "0:00:05"]
[BlackClock "0:01:09"]

1. d4 g6 2. c3 Bg7 3. Bf4 d6 4. e3 Nd7 5. h3 e5 6. Bh2 Nh6 7. Nf3 O-O 8. Be2 Qe7 9. a4 f5 10. a5 a6 11. O-O Nf7 12. c4 g5 13. Nc3 g4 14. hxg4 fxg4 15. Nd2 Nf6 16. Qc2 Bd7 17. Rae1 Rae8 18. dxe5 Nxe5 19. Nde4 Bf5 20. Nxf6+ Qxf6 21. Qb3 Kh8 22. Nd5 Qg5 23. Bf4 Qh5 24. Qxb7 Nf3+ 25. gxf3 gxf3 26. Nxc7 Be4 0-1


[Site "https://www.chess.com"]

[Event "Titled Tuesday Blitz April 11 Late 2023"]
[White "Zhigalko, Sergei"]
[Black "Yuan, Qingyu"]
[WhiteFideId "13502956"]
[BlackFideId "8609772"]
[WhiteElo "2626"]
[BlackElo "2359"]
[Result "0-1"]
[Round "11"]
[TimeControl "180+2"]
[Date "2023.04.11"]
[WhiteClock "0:00:01"]
[BlackClock "0:00:08"]

1. e4 e5 2. Nf3 Nc6 3. Bb5 Nf6 4. O-O Nxe4 5. d4 Nd6 6. Bxc6 dxc6 7. dxe5 Nf5 8. Qxd8+ Kxd8 9. Nc3 Ke8 10. h3 h5 11. Bg5 Be6 12. Rfd1 Be7 13. b3 Rd8 14. Rxd8+ Bxd8 15. Rd1 Bxg5 16. Nxg5 Ke7 17. Ne2 h4 18. Nf4 Rh6 19. Rd3 Bc8 20. c4 b6 21. f3 a5 22. Kf2 Ng3 23. Rd2 Bf5 24. Rd1 f6 25. exf6+ Kxf6 26. Ne4+ Bxe4 27. fxe4 Nxe4+ 28. Kf3 Nd6 29. Re1 Kf7 30. Kg4 Rf6 31. Nd3 Rg6+ 32. Kf3 Rg3+ 33. Ke2 Rxg2+ 34. Kd1 Rxa2 35. Re3 Nf5 36. Rf3 Ke6 37. Nf4+ Ke5 38. Ng6+ Ke6 39. Nf8+ Kf6 40. Nh7+ Ke5 41. Ng5 Nd4 42. Rd3 c5 43. Kc1 Kf5 44. Nf7 Ke4 45. Rd1 Ra1+ 0-1


[Site "https://www.chess.com"]

[Event "Titled Tuesday Blitz April 11 Late 2023"]
[White "Martinez Ramirez, Lennis"]
[Black "Indjic, Aleksandar"]
[WhiteFideId "3509079"]
[BlackFideId "911925"]
[WhiteElo "2410"]
[BlackElo "2614"]
[Result "0-1"]
[Round "11"]
[TimeControl "180+2"]
[Date "2023.04.11"]
[WhiteClock "0:00:11"]
[BlackClock "0:00:20"]

1. c4 e5 2. Nc3 Bb4 3. g3 Bxc3 4. dxc3 d6 5. Bg2 f5 6. e4 fxe4 7. Qh5+ g6 8. Qg5 Nf6 9. h4 Nbd7 10. h5 gxh5 11. Rxh5 Rg8 12. Qh4 Qe7 13. Bg5 Qf7 14. Rh6 Rg6 15. Nh3 Rxh6 16. Bxh6 Nc5 17. Ng5 Qg6 18. Kd2 e3+ 19. fxe3 Ng4 20. Rh1 Qd3+ 21. Kc1 Qxe3+ 22. Kb1 Bf5+ 23. Ka1 Qe2 24. Qh5+ Bg6 25. Bf3 Qxf3 26. Qxg6+ hxg6 27. Nxf3 Kd7 28. Bg5 Rf8 29. Nh4 Ne4 30. Bh6 Nxh6 31. Nxg6 Rf6 32. Nh4 Ng4 33. a4 a5 34. Ka2 Rf2 35. Kb3 Ne3 36. Ng6 Nc5+ 37. Ka2 Nxc4 38. Rh7+ Kc6 39. Ne7+ Kb6 40. Nd5+ Ka7 41. Rxc7 Rxb2+ 42. Ka1 Nb3# 0-1


[Site "https://www.chess.com"]

[Event "Titled Tuesday Blitz April 11 Late 2023"]
[White "Baskakov, Egor"]
[Black "Kamsky, Gata"]
[WhiteFideId "24197866"]
[BlackFideId "2000024"]
[WhiteElo "2212"]
[BlackElo "2660"]
[Result "1/2-1/2"]
[Round "11"]
[TimeControl "180+2"]
[Date "2023.04.11"]
[WhiteClock "0:00:29"]
[BlackClock "0:00:18"]

1. e4 g6 2. g3 Bg7 3. Bg2 d6 4. Ne2 Nf6 5. h3 c5 6. d4 cxd4 7. Nxd4 Nc6 8. Ne2 O-O 9. Nbc3 Be6 10. O-O Rc8 11. Nd5 b5 12. Be3 Nd7 13. c3 Nb6 14. Nxb6 axb6 15. Nd4 Bc4 16. Nxc6 Rxc6 17. Re1 Qc8 18. Bd4 e5 19. Be3 Be6 20. Kh2 Qd7 21. Qd2 Ra8 22. a3 Bb3 23. f4 exf4 24. Bxf4 Re8 25. e5 d5 26. Re3 Rce6 27. Rae1 Qe7 28. h4 h6 29. Rd3 Bxe5 30. Bxe5 Rxe5 31. Rxe5 Qxe5 32. Bxd5 Bc4 33. Bxc4 bxc4 34. Rd8 b5 35. Rxe8+ Qxe8 36. Kg2 h5 37. Kf2 Qe4 38. Qe3 Qc2+ 39. Qe2 Qf5+ 40. Qf3 Qc2+ 41. Qe2 Qf5+ 42. Qf3 Qc2+ 43. Qe2 1/2-1/2


[Site "https://www.chess.com"]

[Event "Titled Tuesday Blitz April 11 Late 2023"]
[White "Vakhlamov, Igor L."]
[Black "Pakleza, Zbigniew"]
[WhiteFideId "24126748"]
[BlackFideId "1119290"]
[WhiteElo "2400"]
[BlackElo "2410"]
[Result "1-0"]
[Round "11"]
[TimeControl "180+2"]
[Date "2023.04.11"]
[WhiteClock "0:00:17"]
[BlackClock "0:00:23"]

1. e4 d6 2. d4 Nf6 3. Nc3 c6 4. Nf3 Bg4 5. h3 Bh5 6. g4 Bg6 7. Qe2 e6 8. h4 h5 9. g5 Nfd7 10. Bh3 Be7 11. d5 cxd5 12. exd5 e5 13. Be3 Na6 14. Nd2 Bxc2 15. Nde4 Bxe4 16. Nxe4 g6 17. Qb5 Rc8 18. Qxb7 Nab8 19. O-O O-O 20. Rac1 f5 21. gxf6 Rxc1 22. Rxc1 Bxf6 23. Be6+ Kh8 24. Nxf6 Qxf6 25. Bxd7 Qxh4 26. Rc8 Nxd7 27. Qxd7 Rxc8 28. Qxc8+ Kh7 29. Qc7+ Kh8 30. Qc8+ Kh7 31. Qd7+ Kh8 32. Bh6 Qf6 33. Qe6 Qf5 34. Qxf5 gxf5 35. Bf8 1-0


[Site "https://www.chess.com"]

[Event "Titled Tuesday Blitz April 11 Late 2023"]
[White "Kosteniuk, Alexandra"]
[Black "Keymer, Vincent"]
[WhiteFideId "4128125"]
[BlackFideId "12940690"]
[WhiteElo "2453"]
[BlackElo "2651"]
[Result "0-1"]
[Round "11"]
[TimeControl "180+2"]
[Date "2023.04.11"]
[WhiteClock "0:00:07"]
[BlackClock "0:00:12"]

1. e4 c6 2. Nc3 d5 3. Nf3 dxe4 4. Nxe4 Nf6 5. Qe2 Nxe4 6. Qxe4 Nd7 7. Bc4 Nf6 8. Ne5 e6 9. Qe2 b5 10. Bd3 Qc7 11. a4 Bd6 12. Nxc6 b4 13. Nd4 a6 14. h3 O-O 15. O-O Re8 16. Bc4 e5 17. Nf3 e4 18. Ng5 Re7 19. d3 Bb7 20. Be3 Qc6 21. Nxe4 Nxe4 22. dxe4 Qxe4 23. Qg4 Qe5 24. g3 h5 25. Qd4 Qf5 26. Rfd1 Qxh3 27. Bd5 Bxg3 28. Bxb7 Bh2+ 29. Kh1 Be5+ 30. Kg1 Bxd4 31. Rxd4 Rxb7 32. Rad1 Re8 0-1


[Site "https://www.chess.com"]

[Event "Titled Tuesday Blitz April 11 Late 2023"]
[White "Zarnicki, Pablo"]
[Black "Weetik, Vjacheslav"]
[WhiteFideId "100137"]
[BlackFideId "4153472"]
[WhiteElo "2468"]
[BlackElo "2469"]
[Result "0-1"]
[Round "11"]
[TimeControl "180+2"]
[Date "2023.04.11"]
[WhiteClock "0:00:10"]
[BlackClock "0:00:08"]

1. e4 c5 2. Nf3 Nc6 3. Bb5 g6 4. O-O Bg7 5. c3 Nf6 6. Qe2 O-O 7. Rd1 Qb6 8. h3 Nxe4 9. Na3 d5 10. d3 Nd6 11. Bxc6 Qxc6 12. Qxe7 Re8 13. Qh4 h6 14. Bd2 g5 15. Qg3 Bf5 16. Nh2 Bg6 17. Re1 c4 18. Nc2 cxd3 19. Nb4 Qd7 20. Qg4 Bf5 21. Qf3 Nc4 22. Be3 Be4 23. Qh5 a5 24. Ng4 Re6 25. Nxd3 Bxd3 26. Rad1 Bf5 27. Bd4 Bxg4 28. hxg4 Rxe1+ 29. Rxe1 Re8 30. Rd1 Qe6 31. Bxg7 Kxg7 32. b3 Ne5 33. Qh3 Qxg4 34. Qxg4 Nxg4 35. f3 Nf6 36. Kf2 Rc8 37. Rd2 Rxc3 38. Rd4 Rc2+ 39. Kg3 Rxa2 40. Rd3 b5 41. Rc3 a4 42. Rd3 a3 43. b4 Ra1 44. Rb3 Ne8 45. Kg4 Nd6 46. f4 gxf4 47. g3 fxg3 48. Rxg3 Nc4 49. Kh5+ Kf6 50. Rf3+ Ke6 51. Rf2 Rh1+ 52. Kg4 Rb1 53. Re2+ Kd6 54. Kf5 Rb2 55. Re8 a2 56. Ra8 Nb6 57. Ra6 Kc7 58. Ra7+ Kc6 59. Ra6 Kb7 60. Ra5 Na4 61. Rxb5+ Kc6 62. Ra5 a1=Q 63. b5+ Kb6 64. Ra6+ Kxb5 65. Rxh6 Qf1+ 66. Ke5 Re2+ 67. Kd6 Qf4+ 68. Kd7 Qxh6 69. Kc8 Qc6+ 70. Kb8 Re8+ 71. Ka7 Ra8# 0-1


[Site "https://www.chess.com"]

[Event "Titled Tuesday Blitz April 11 Late 2023"]
[White "Manelyuk, Daniil"]
[Black "Duda, Jan-Krzysztof"]
[WhiteFideId "44173920"]
[BlackFideId "1170546"]
[WhiteElo "2259"]
[BlackElo "2790"]
[Result "0-1"]
[Round "11"]
[TimeControl "180+2"]
[Date "2023.04.11"]
[WhiteClock "0:00:09"]
[BlackClock "0:00:13"]

1. e4 c5 2. Nf3 d6 3. d4 cxd4 4. Nxd4 Nf6 5. Nc3 a6 6. f3 e5 7. Nb3 Be7 8. Be3 Be6 9. Qd2 h5 10. Be2 Nbd7 11. Nd5 Nxd5 12. exd5 Bf5 13. Na5 Qc7 14. c4 Bh4+ 15. g3 Bf6 16. O-O h4 17. g4 Bg6 18. Rac1 b6 19. Nc6 Nb8 20. Nb4 a5 21. Nd3 Nd7 22. f4 Bxd3 23. Bxd3 exf4 24. Bxf4 Be5 25. Be3 h3 26. Qf2 Nc5 27. Bc2 Bxb2 28. Rce1 Be5 29. Bd4 f6 30. Bg6+ Ke7 31. g5 Raf8 32. Bxe5 fxe5 33. Qc2 Qd7 34. Bf5 Qa4 35. Qb2 Qxc4 36. Rxe5+ Kf7 37. Be6+ Kg6 38. Qb1+ Qd3 39. Qxd3+ Nxd3 40. Bf5+ Kh5 41. Re3 Ne5 42. Rxh3+ Kxg5 43. Rg3+ Kh6 44. Rh3+ Kg5 45. Rg3+ Kf6 46. Be6+ Ke7 47. Rxg7+ Ke8 48. Rxf8+ Rxf8 49. Rb7 Rf4 50. Rxb6 Ke7 51. Rb7+ Kf6 52. Rb6 Nc4 53. Rc6 Ne3 54. h4 Ke5 55. Rc8 Rxh4 56. Rg8 Nxd5 57. Bxd5 Kxd5 58. Rg5+ Ke4 59. Rxa5 d5 60. Kf2 Rh2+ 61. Ke1 Ke3 62. Ra3+ Ke4 63. Rb3 Rxa2 64. Kd1 d4 65. Rh3 Rf2 66. Ke1 Rc2 67. Kd1 Ra2 68. Rg3 Kd5 69. Rh3 Kc4 70. Rg3 Ra1+ 71. Kd2 Ra8 72. Kd1 Rf8 73. Rh3 Rf2 74. Rg3 Rf4 75. Rh3 Rg4 76. Rf3 Kd5 77. Ra3 Ke4 78. Rb3 Rf4 79. Ra3 Rf2 80. Ke1 Rc2 81. Kd1 Rb2 82. Rh3 Rb6 83. Rh4+ Kd3 84. Rh3+ Kc4 85. Rg3 Rb2 86. Rh3 Rf2 87. Rg3 Rh2 88. Rf3 Rh4 89. Rg3 Rf4 90. Rh3 Re4 91. Rg3 Re5 92. Rh3 Kb4 93. Rg3 Rc5 94. Rh3 Rc3 95. Rh4 Kc4 96. Rg4 Ra3 97. Rh4 Ra1+ 98. Kd2 Ra2+ 99. Kd1 Kc3 100. Rh8 Ra1+ 101. Ke2 d3+ 102. Ke3 Re1+ 103. Kf2 d2 104. Rc8+ Kb4 105. Rb8+ Ka5 106. Ra8+ Kb6 107. Rb8+ Kc7 108. Rb2 d1=Q 0-1


[Site "https://www.chess.com"]

[Event "Titled Tuesday Blitz April 11 Late 2023"]
[White "Averjanov, Alexey"]
[Black "Anton Guijarro, David"]
[WhiteFideId "14109867"]
[BlackFideId "2285525"]
[WhiteElo "2399"]
[BlackElo "2618"]
[Result "0-1"]
[Round "11"]
[TimeControl "180+2"]
[Date "2023.04.11"]
[WhiteClock "0:00:26"]
[BlackClock "0:00:24"]

1. d4 f5 2. c4 Nf6 3. Nf3 g6 4. g3 Bg7 5. Bg2 O-O 6. O-O d6 7. b3 Ne4 8. Bb2 Nc6 9. Nbd2 e5 10. dxe5 Nxd2 11. Qxd2 dxe5 12. Qxd8 Rxd8 13. Rad1 e4 14. Rxd8+ Nxd8 15. Rd1 Be6 16. Bxg7 Kxg7 17. Nd4 Kf6 18. f3 exf3 19. exf3 c6 20. f4 Nf7 21. Kf2 a5 22. Nxe6 Kxe6 23. c5 Ke7 24. Bf1 Rd8 25. Rxd8 Nxd8 26. Bc4 Ne6 27. Ke3 Nxc5 28. Kd4 Kd6 29. Bg8 Ne6+ 30. Bxe6 Kxe6 31. Kc5 Kd7 32. Kb6 Kc8 33. Kxa5 Kc7 34. Kb4 Kd6 35. a4 Kd5 36. Ka5 Kc5 37. b4+ Kc4 38. Kb6 Kxb4 39. Kxb7 c5 40. Kb6 c4 41. a5 c3 42. a6 c2 43. a7 c1=Q 44. a8=Q Qc5+ 45. Kb7 Qd5+ 46. Ka7 Qxa8+ 47. Kxa8 Kc5 48. Kb7 Kd5 49. Kc7 Ke4 50. Kd6 Kf3 51. Ke5 Kg2 52. Kf6 Kxh2 53. Kg7 Kxg3 54. Kxh7 Kxf4 55. Kxg6 Kg4 0-1


[Site "https://www.chess.com"]

[Event "Titled Tuesday Blitz April 11 Late 2023"]
[White "Hambleton, Aman"]
[Black "Eljanov, Pavel"]
[WhiteFideId "2606577"]
[BlackFideId "14102951"]
[WhiteElo "2511"]
[BlackElo "2598"]
[Result "1-0"]
[Round "11"]
[TimeControl "180+2"]
[Date "2023.04.11"]
[WhiteClock "0:00:03"]
[BlackClock "0:00:04"]

1. d4 Nf6 2. Bf4 c5 3. e3 Nd5 4. Bxb8 Rxb8 5. c3 e6 6. Nf3 cxd4 7. exd4 b5 8. Nbd2 Be7 9. a4 b4 10. c4 Nf6 11. Bd3 O-O 12. O-O Bb7 13. Re1 a5 14. b3 Qc7 15. Qe2 Rfe8 16. Rac1 Rbc8 17. Rcd1 h6 18. Qe5 Bd6 19. Qe2 Bf8 20. Qe5 d6 21. Qe2 g6 22. Qe3 Bg7 23. h3 Rcd8 24. Bb1 e5 25. Ne4 Bxe4 26. Bxe4 exd4 27. Qd3 d5 28. Bxd5 Rxe1+ 29. Nxe1 Nxd5 30. cxd5 Rxd5 31. Qe2 Re5 32. Qd2 Qc3 33. Nf3 Re8 34. Qd3 Rc8 35. Kf1 h5 36. g3 Bf6 37. Ke2 Kg7 38. Rd2 Re8+ 39. Kf1 Kf8 40. Rd1 Rc8 41. Ke2 Rc6 42. Rd2 Rc7 43. Rd1 Rc8 44. Rd2 Qxd3+ 45. Rxd3 Rc2+ 46. Rd2 Rc3 47. Rd3 Ke7 48. Nd2 Rc5 49. Nc4 Ke6 50. Rd1 Kd5 51. Kd3 Rc7 52. Re1 Rc5 53. Re2 Kc6 54. Re4 Kd7 55. g4 hxg4 56. hxg4 g5 57. f3 Rd5 58. Nb6+ 1-0


[Site "https://www.chess.com"]

[Event "Titled Tuesday Blitz April 11 Late 2023"]
[White "Hansen, Eric"]
[Black "Hasangatin, Ramil"]
[WhiteFideId "2606771"]
[BlackFideId "4122160"]
[WhiteElo "2561"]
[BlackElo "2275"]
[Result "0-1"]
[Round "11"]
[TimeControl "180+2"]
[Date "2023.04.11"]
[WhiteClock "0:00:03"]
[BlackClock "0:00:10"]

1. d4 d6 2. c4 e5 3. Nf3 e4 4. Nfd2 f5 5. Nc3 Nf6 6. e3 c6 7. Be2 d5 8. h3 Be6 9. g4 Qd7 10. gxf5 Bxf5 11. Qb3 Be7 12. f3 exf3 13. Nxf3 Bd6 14. Ne5 Bxe5 15. dxe5 Ne4 16. cxd5 Nxc3 17. Qxc3 Qxd5 18. Rg1 Be6 19. b3 O-O 20. Ba3 Re8 21. Rd1 Qe4 22. Rd4 Qxe5 23. Bd6 Qf6 24. Rf1 Qh6 25. h4 Nd7 26. Rff4 Bd5 27. Ba3 Nf6 28. Bb2 Ne4 29. Qa5 Ng3 30. Bd3 Rxe3+ 31. Kd2 Rae8 32. Kc2 Ne2 0-1


[Site "https://www.chess.com"]

[Event "Titled Tuesday Blitz April 11 Late 2023"]
[White "Chos, Alexey"]
[Black "Gharibyan, Mamikon"]
[WhiteFideId "14117762"]
[BlackFideId "13308300"]
[WhiteElo "2234"]
[BlackElo "2445"]
[Result "1-0"]
[Round "11"]
[TimeControl "180+2"]
[Date "2023.04.11"]
[WhiteClock "0:01:40"]
[BlackClock "0:00:01"]

1. Nf3 d5 2. g3 g6 3. Bg2 Bg7 4. O-O e5 5. c4 e4 6. Ne1 dxc4 7. Qa4+ c6 8. Qxc4 Nf6 9. Bxe4 Nxe4 10. Qxe4+ Be6 11. Ng2 O-O 12. Nc3 Re8 13. Qc2 Bg4 14. f3 Bf5 15. e4 Bh3 16. Ne2 Na6 17. a3 Qb6+ 18. Kh1 Nc5 19. d3 Qb5 20. Rd1 Nb3 21. Rb1 Rad8 22. Be3 Nd4 23. Nxd4 Bxd4 24. Bxd4 Rxd4 25. Nf4 Bc8 26. Ne2 Rd6 27. Qc3 Qh5 28. Kg2 Bh3+ 29. Kf2 Bc8 30. h4 Red8 31. Nf4 Qh6 32. d4 g5 33. hxg5 Qh2+ 34. Ke3 Qxg3 35. Rg1 Qh4 36. Rh1 1-0


[Site "https://www.chess.com"]

[Event "Titled Tuesday Blitz April 11 Late 2023"]
[White "Martinez Reyes, Pedro Ramon"]
[Black "Mendonca, Leon Luke"]
[WhiteFideId "3901807"]
[BlackFideId "35028561"]
[WhiteElo "2340"]
[BlackElo "2464"]
[Result "1-0"]
[Round "11"]
[TimeControl "180+2"]
[Date "2023.04.11"]
[WhiteClock "0:00:07"]
[BlackClock "0:00:01"]

1. d3 d6 2. g3 g6 3. Bg2 Bg7 4. Nf3 Nf6 5. O-O O-O 6. c4 c6 7. Nc3 a5 8. a3 Bg4 9. h3 Bxf3 10. Bxf3 e6 11. Bd2 d5 12. Qb3 Qc7 13. Rac1 d4 14. Ne4 Nxe4 15. Bxe4 a4 16. Qc2 Nd7 17. Bb4 Rfe8 18. Bg2 Bf8 19. Bd2 Nc5 20. Rcd1 Nb3 21. Be1 e5 22. Bd2 Bd6 23. Bh6 Qe7 24. e3 Qf6 25. h4 Bc5 26. e4 Bd6 27. Qe2 Bf8 28. Bg5 Qg7 29. Qf3 Be7 30. Qg4 b5 31. cxb5 cxb5 32. Qd7 Bxg5 33. hxg5 Rab8 34. f4 Qf8 35. fxe5 Qe7 36. Qd5 Red8 37. Qc6 Qxe5 38. Rf4 Qxg5 39. Rdf1 Rf8 40. Qd7 Rbd8 41. Qa7 Ra8 42. Qc7 Rac8 43. Qa7 f6 44. e5 Qxe5 45. Re4 Qc7 46. Re7 Qxa7 47. Rxa7 Rc5 48. Re1 Rf7 49. Re8+ Kg7 50. Raa8 f5 51. Rab8 Rfc7 52. Kh2 Kh6 53. Kh3 Nc1 54. Bf1 Nb3 55. Rh8 Rc1 56. Bg2 R1c2 57. g4 fxg4+ 58. Kg3 Rxb2 59. Be4 Rd2 60. Rbg8 Kg5 61. Rxh7 1-0


[Site "https://www.chess.com"]

[Event "Titled Tuesday Blitz April 11 Late 2023"]
[White "Goltsev, Dmitry"]
[Black "Mamedov, Edgar"]
[WhiteFideId "24176710"]
[BlackFideId "13739980"]
[WhiteElo "2336"]
[BlackElo "2330"]
[Result "1-0"]
[Round "11"]
[TimeControl "180+2"]
[Date "2023.04.11"]
[WhiteClock "0:00:12"]
[BlackClock "0:00:02"]

1. e4 c6 2. d4 d5 3. Nc3 dxe4 4. Nxe4 Nf6 5. Ng3 h5 6. h4 Bg4 7. f3 Qc7 8. N1e2 Bc8 9. Bf4 Qb6 10. b3 Nbd7 11. c4 e6 12. a3 c5 13. Be3 cxd4 14. Bxd4 Bc5 15. b4 Bxd4 16. Qxd4 Qxd4 17. Nxd4 Ke7 18. Be2 Rd8 19. Kf2 Ne5 20. Rhd1 Bd7 21. c5 Nd5 22. Ndf5+ Kf8 23. Nd6 b6 24. Nxh5 Nc3 25. Rd2 bxc5 26. bxc5 Nxe2 27. Kxe2 Rab8 28. Rc1 Bc6 29. Rc3 Rb1 30. Nf4 Rh1 31. Rd4 Kg8 32. h5 Rb8 33. Rb4 Rxb4 34. axb4 Rb1 35. Nd3 Nxd3 36. Kxd3 Rxb4 37. Ra3 Ra4 38. Rb3 Kf8 39. Rb8+ Ke7 40. Rg8 Kf6 41. Rf8 Ke5 42. Rxf7 Bd5 43. g3 Ra3+ 44. Ke2 Kd4 45. Nb5+ 1-0


[Site "https://www.chess.com"]

[Event "Titled Tuesday Blitz April 11 Late 2023"]
[White "Bolourchifard, Farzad"]
[Black "Mendez Fortes, Eduardo Jesus"]
[WhiteFideId "12510084"]
[BlackFideId "3502376"]
[WhiteElo "2317"]
[BlackElo "2307"]
[Result "0-1"]
[Round "11"]
[TimeControl "180+2"]
[Date "2023.04.11"]
[WhiteClock "0:00:11"]
[BlackClock "0:00:14"]

1. d4 Nf6 2. Nf3 d5 3. c4 e6 4. Nc3 Bb4 5. Bg5 dxc4 6. e3 b5 7. Be2 Bb7 8. O-O Nbd7 9. Nxb5 h6 10. Bh4 a6 11. Nc3 Nb6 12. Bxc4 O-O 13. Bd3 c5 14. Ne4 g5 15. Nxc5 Bxf3 16. Qxf3 gxh4 17. Ne4 Nbd5 18. Rac1 Re8 19. Nc3 Nxc3 20. bxc3 Bf8 21. e4 e5 22. Rfd1 Qe7 23. d5 Bg7 24. Qh3 Nd7 25. Be2 Red8 26. Bg4 Nc5 27. Bf5 Rab8 28. Kh1 Rb2 29. g3 Rxf2 30. gxh4 Rb8 31. d6 Qd8 32. Rg1 Rbb2 33. Rcd1 Rxh2+ 34. Qxh2 Rxh2+ 35. Kxh2 Qxh4+ 36. Kg2 Kf8 37. d7 Bf6 38. Kf3 Qf4+ 39. Ke2 Nxe4 40. Bxe4 Qxe4+ 41. Kf1 Qf3+ 42. Ke1 Qxc3+ 43. Ke2 e4 44. d8=Q+ Bxd8 45. Rxd8+ Ke7 46. Rgd1 Qf3+ 47. Ke1 e3 48. R1d7+ Kf6 49. Rd6+ Kg7 50. Rd3 Qf2+ 51. Kd1 e2+ 52. Kc2 e1=Q+ 53. Rd2 Qe4+ 54. Kc3 Qc5+ 55. Kb3 Qeb4# 0-1


[Site "https://www.chess.com"]

[Event "Titled Tuesday Blitz April 11 Late 2023"]
[White "Filgueira, Hernan"]
[Black "Tanenbaum, Zachary"]
[WhiteFideId "101770"]
[BlackFideId "2060850"]
[WhiteElo "2363"]
[BlackElo "2175"]
[Result "0-1"]
[Round "11"]
[TimeControl "180+2"]
[Date "2023.04.11"]
[WhiteClock "0:00:17"]
[BlackClock "0:00:05"]

1. c4 e5 2. Nc3 Nf6 3. Nf3 Nc6 4. a3 d6 5. d3 g6 6. g3 Bg7 7. Bg2 O-O 8. O-O Bd7 9. Rb1 Qc8 10. b4 Bh3 11. Bg5 Qg4 12. Bxf6 Bxf6 13. Nd5 Bd8 14. b5 Bxg2 15. Kxg2 Nb8 16. e4 Nd7 17. h3 Qe6 18. Qe2 c6 19. bxc6 bxc6 20. Nb4 Rc8 21. h4 Nf6 22. Ng5 Qd7 23. Nc2 Bb6 24. Qf3 Kg7 25. Qe2 h6 26. Nf3 Qg4 27. Ne3 Bxe3 28. Qxe3 Nh5 29. Nh2 Qd7 30. Qf3 Rb8 31. Ng4 Qe6 32. Ne3 Nf6 33. Rb4 Nd7 34. h5 a5 35. Rxb8 Rxb8 36. Rh1 Nc5 37. Qe2 Rb3 38. hxg6 fxg6 39. Ng4 h5 40. Ne3 Nxd3 41. Nf5+ Kg8 42. Rxh5 gxh5 43. Qxh5 Rb7 44. Qg5+ Kh7 45. Qh5+ Kg8 46. Qg5+ Kf8 47. Qd8+ Kf7 48. Qh8 Qg6 49. Qc8 Nf4+ 50. Kf3 Qh5+ 51. g4 Qh1+ 52. Ke3 Rb3+ 53. Kd2 Rd3+ 54. Kc2 Qd1+ 0-1


[Site "https://www.chess.com"]